 Dungeon Crawl Stone Soup version 0.32-a0-607-g64ea0e4219 (webtiles) character file.

Game seed: 6850924108874469138

6 ytrimaz the Charlatan (level 1, 0/15 HPs)
             Began as a Coglin Artificer on Mar 4, 2024.
             Slain by a gnoll
             ... wielding a +0 club
              (5 damage)
             ... on level 1 of the Dungeon.
             The game lasted 00:00:13 (161 turns).

ytrimaz the Charlatan (Coglin Artificer)             Turns: 161, Time: 00:00:13

Health: 0/15       AC:  3    Str: 12    XL:     1   Next: 90%
Magic:  1/1        EV: 11    Int: 10    God:
Gold:   35         SH:  0    Dex: 14    Spells: 0/0 levels left

rFire   . . .        a - +0 club {Lucia}
rCold   . . .        f - +0 dagger {Chang}
rNeg    . . .        b - +0 leather armour
rPois   .            (no helmet)
rElec   .            (no cloak)
rCorr   .            (no gloves)
SInv    .            (no boots)
Will    .....        (amulet unavailable)
Stlth   +            (ring unavailable)
HPRegen 0.22/turn    (ring unavailable)
MPRegen 0.07/turn    (no gizmo)

%: no passive effects
@: revved
A: off-hand wielding, slow wielding, warmup strikes, no jewellery
a: Invent Gizmo


You were on level 1 of the Dungeon.
You visited 1 branch of the dungeon, and saw 1 of its levels.

You collected 35 gold pieces.


Innate Abilities, Weirdness & Mutations

You can wield a second weapon in your off-hand.
It takes a long time for you to wield or remove held weapons.
Your first few attacks do less damage.
You cannot equip rings or amulets.


   Skills:
 + Level 1.4 Fighting
 - Level 1.7 Armour
 - Level 0.8 Dodging
 - Level 0.7 Stealth
 + Level 4.3 Evocations


You couldn't memorise any spells.
You didn't know any spells.
Your spell library was empty.

Inventory:

Hand Weapons
 a - a +0 club (weapon) {Lucia}
 f - a +0 dagger (offhand) {Chang}
Armour
 b - a +0 leather armour (worn)
Wands
 c - a wand of flame (15) (quivered)
 d - a wand of charming (15)
 e - a wand of iceblast (5)
Scrolls
 h - a scroll of amnesia {unknown}
 i - a scroll of identify {unknown}
Potions
 g - a potion of cancellation {unknown}

Dungeon Overview and Level Annotations

Branches:
Dungeon (1/15) Zot: 5835

Altars:

##...####.#
#.........#
#.##.####.#
#.##.##..
#.##.##.# ####
#.##.##.##.....
#.##...........
#.#####.####.#
..# #@#
#......g.....#
#.#####........
.$.?.#.##
.....# #
.....># ##...##
#####


You could see a gnoll.


Message History

You kill the giant cockroach!
A kobold comes into view. It is wielding a +0 dagger.
The kobold shouts!
The kobold throws a stone.
The stone hits you. 😕 HP[+1] Unknown command.
The kobold throws a stone.
The stone hits you. 😕 HP[-1]
You take 1 damage, and now have 13/15 hp. 😕 HP[+1]
A kobold is nearby!
A kobold is nearby!
The kobold hits you but does no damage.
You hit the kobold with your +0 dagger.
You closely miss the kobold with your +0 club.
The kobold completely misses you.
You barely miss the kobold with your +0 club.
You hit the kobold with your +0 dagger.
The kobold hits you with a +0 dagger. 😕 HP[-2]
You take 2 damage, and now have 12/15 hp.
You hit the kobold but do no damage. x2; The kobold hits you with a +0 dagger.
You hit the kobold with your +0 club.
You kill the kobold!
Things that are here:
a +0 dagger; 4 stones Unknown command.
No target in view!
i - a scroll labelled CUSOEM IPLEN 😎 HP[+3]
Your hp is fully restored (15).
No target in view!
You now have 35 gold pieces (gained 7).
A giant cockroach comes into view.
A giant cockroach is nearby!
A giant cockroach is nearby!
The giant cockroach bites you. x2 😕 HP[-2]
You take 2 damage, and now have 13/15 hp.
You hit the giant cockroach with your +0 dagger.
You hit the giant cockroach but do no damage.
The giant cockroach closely misses you. 😕 HP[+1] Unknown command.
You hit the giant cockroach but do no damage.
You closely miss the giant cockroach with your +0 club.
The giant cockroach barely misses you.
You hit the giant cockroach with your +0 club.
You kill the giant cockroach!
No target in view!
Unknown command.
A bat comes into view. 😎 HP[+1]
Your hp is fully restored (15).
A bat is nearby!
A bat is nearby!
The bat completely misses you.
You barely miss the bat with your +0 club.
You closely miss the bat with your +0 dagger.
The bat closely misses you.
Unknown command.
No target in view!
The bat hits you but does no damage. The bat barely misses you.
A bat is nearby!
A bat is nearby!
The bat completely misses you. The bat hits you but does no damage.
You hit the bat with your +0 club.
You kill the bat!
No target in view!
No target in view!
A rat comes into view.
Found 7 gold pieces and a scroll labelled PIRPHI JITA.
Found a stone staircase leading down.
The rat squeaks loudly.
You hear a shout!
A rat is nearby!
A gnoll comes into view. It is wielding a +0 club.
The gnoll shouts!
There are monsters nearby!
There are monsters nearby!
The rat bites you. 😕 HP[-2]
You take 2 damage, and now have 13/15 hp.
There are monsters nearby!
You hit the rat with your +0 club.
You kill the rat!
You hit the gnoll with your +0 dagger. You hit the gnoll with your +0 club.
The gnoll hits you with a +0 club. x2
You are too injured to fight recklessly!
Unknown command. 😮 HP[-2]
You take 2 damage, and now have 11/15 hp.
You hit the gnoll but do no damage.
You barely miss the gnoll with your +0 dagger.
The gnoll hits you with a +0 club!
* * * LOW HITPOINT WARNING * * *
😨 HP[-7]
You take 7 damage, and now have 4/15 hp.
MASSIVE DAMAGE!! (PAUSE)
You hit the gnoll but do no damage. x2; The gnoll hits you with a +0 club.
You die...

Action                     || total
---------------------------++-------
  Melee: Club              ||    15
         Dagger            ||    10
 Armour: Leather armour    ||    15
  Dodge: Dodged            ||     7

Levels and vault maps discovered:
D:1:      minmay_arrival_loop, layout_loops_ring,
          hellmonk_ecumenical_altar_leap_of_faith, minmay_misc_feat_diagonals,
          minmay_hexomino_p4

Notes
Turn   | Place    | Note
-------+----------+-------------------------------------------
     0 | D:1      | ytrimaz the Coglin Artificer began the quest for the Orb.
     0 | D:1      | Reached XP level 1. HP: 15/15 MP: 1/1
     0 | D:1      | magus.rc [v1.9.6]
   161 | D:1      | Slain by a gnoll

Vanquished Creatures
  A bat (D:1)
  2 giant cockroaches (D:1)
  A kobold (D:1)
  A rat (D:1)
5 creatures vanquished.

Table legend:
 A = Non-vault XP
 B = Vault XP
 C = Vault XP percentage of total XP
 D = Non-vault monster count
 E = Vault monster count
 F = Vault count percentage of total count
                 A         B        C        D         E       F
            +---------+---------+-------+---------+---------+-------
      Total |       9 |       0 |   0.0 |       5 |       0 |   0.0
            +---------+---------+-------+---------+---------+-------
        D:1 |       9 |       0 |   0.0 |       5 |       0 |   0.0
            +---------+---------+-------+---------+---------+-------

Action                     || total
---------------------------++-------
  Melee: Club              ||    15
         Dagger            ||    10
 Armour: Leather armour    ||    15
  Dodge: Dodged            ||     7

Illustrated notes

Table legend:
 A = Kills in this place as a percentage of kills in the entire game.
 B = Kills by you in this place as a percentage of kills by you in the entire game.
 C = Kills by friends in this place as a percentage of kills by friends in the entire game.
 D = Other kills in this place as a percentage of other kills in the entire game.
 E = Experience gained in this place as a percentage of experience gained in the entire game.
 F = Experience gained in this place divided by the number of levels of this place that you have seen.
                   A       B       C       D       E      F
               +-------+-------+-------+-------+-------+----------------------
         Total | 100.0 | 100.0 |   N/A |   N/A | 100.0 |   9.0
       Dungeon | 100.0 | 100.0 |   N/A |   N/A | 100.0 |   9.0
               +-------+-------+-------+-------+-------+----------------------

Table legend: (Time is in decaauts)
 A = Elapsed time spent in this place.
 B = Non-inter-level travel time spent in this place.
 C = Inter-level travel time spent in this place.
 D = Time resting spent in this place.
 E = Time spent auto-exploring this place.
 F = Levels seen in this place.
 G = Mean time per level.
                   A        B        C        D        E       F      G
               +--------+--------+--------+--------+--------+-----+--------+
         Total |    163 |    163 |      0 |      0 |    122 |   1 |  163.0 |
       Dungeon |    163 |    163 |      0 |      0 |    122 |   1 |  163.0 |
               +--------+--------+--------+--------+--------+-----+--------+

Top non-repeatable levels by time:
     D:1: 163 daAuts
